 Dungeon Crawl Stone Soup version 0.17.0-9-g801d43b (webtiles) character file.

65 Sheev the Bolt Thrower (level 4, 0/33 HPs)
             Began as a Formicid Hunter on Nov 9, 2015.
             Slain by Purgy (2 damage)
             ... on level 3 of the Dungeon.
             The game lasted 00:16:40 (2208 turns).

Sheev the Bolt Thrower (Formicid Hunter)            Turns: 2208, Time: 00:16:40

Health: 0/33       AC:  7    Str: 19    XL:     4   Next: 34%
Magic:  4/4        EV: 10    Int: 10    God:
Gold:   75         SH:  0    Dex: 12    Spells: 0 memorised, 3 levels left

rFire  . . .     SeeInvis +     v - +0 rapier
rCold  . . .     Clarity  .     m - +0 scale mail
rNeg   . . .     SustAt   .     (no shield)
rPois  .         Gourm    .     (helmet unavailable)
rElec  .         Spirit   .     (no cloak)
rCorr  .         Warding  .     (no gloves)
rMut   .         Stasis   +     t - +0 pair of boots
MR     +....                    (no amulet)
Stlth  ..........               c - ring of protection from magic
                                h - +2 ring of strength

@: somewhat resistant to hostile enchantments, extremely unstealthy
A: permanent stasis, dig shafts and tunnels, four strong arms, antennae 3
a: Dig, Shaft Self


You were on level 3 of the Dungeon.
You were not hungry.

You visited 1 branch of the dungeon, and saw 3 of its levels.

You collected 75 gold pieces.

Inventory:

Hand Weapons
 a - a +1 hand crossbow
 v - a +0 rapier (weapon)
Missiles
 b - 11 bolts
 i - 71 stones (quivered)
Armour
 m - a +0 scale mail (worn)
 t - a +0 pair of boots (worn)
Jewellery
 c - a ring of protection from magic (right hand)
 h - a +2 ring of strength (left hand)
 n - an uncursed ring of magical power
Scrolls
 o - a scroll of remove curse
 q - 2 scrolls of identify
Potions
 k - a potion of agility
Comestibles
 e - a bread ration
 j - 3 chunks of flesh


   Skills:
 - Level 2.1 Fighting
 + Level 5.5 Crossbows
 - Level 1.7 Dodging
 - Level 1.2 Stealth


You had 3 spell levels left.
You didn't know any spells.

Dungeon Overview and Level Annotations

Branches:
Dungeon (3/15)

Altars:
Makhleb

Annotations:
D:3 Purgy


Innate Abilities, Weirdness & Mutations

You are under a permanent stasis effect.
You can dig through walls and to a lower floor.
Your four strong arms can wield two-handed weapons with a shield.
You have a pair of large antennae on your head (SInv).


Message History

You barely miss Purgy.
Purgy is lightly wounded.
Purgy bites you.
* * * LOW HITPOINT WARNING * * *
Purgy misses you. Purgy barely misses you. Purgy closely misses you.
Purgy claws you but does no damage. Purgy closely misses you.
You closely miss Purgy. Purgy bites you but does no damage.
Purgy claws you but does no damage. Purgy barely misses you.
You see here a +0 short sword.
You see here a bolt.
b - 11 bolts (gained 1) Purgy bites you.
* * * LOW HITPOINT WARNING * * *
Purgy closely misses you. Purgy misses you. Purgy bites you.
* * * LOW HITPOINT WARNING * * *
Purgy claws you.
* * * LOW HITPOINT WARNING * * *
Purgy claws you.
You die...

*,,,,,,,,* **,,..,* *,,,,,,
***#,***** **,?.,* ***,*,* #.*
**.#,* *,*,* ###.###
*.#,*****,*,, #..,..#
*.#,,,,,,,*** #.#*#.#
##'##******* #.# #.#########...##
#.###.....T.##..(..## *** ###
#......####@#.......#* **,*
..####.......###..........#***,,,
..........................+,,,,,,
#.#####......###.........(#***,,,
#.# #..........#.......## **,*
#.# #.###########.....## *,, #.#
#.##...#...###...## *,* #[#
#.#..#..#..####+## *,* #.#
#...#..#..#._#*,* *,*


You could see Purgy.

Vanquished Creatures
  Jessica (D:2)
  2 worms (D:3)
  A ball python (D:2)
  2 giant cockroaches (D:2)
  3 goblins
  6 hobgoblins
  2 jackals (D:2)
  7 bats
  A giant newt (D:3)
  3 kobolds
  5 rats (D:1)
33 creatures vanquished.

Notes
Turn   | Place    | Note
--------------------------------------------------------------
     0 | D:1      | Sheev the Formicid Hunter began the quest for the Orb.
     0 | D:1      | Reached XP level 1. HP: 16/16 MP: 1/1
   148 | D:1      | Reached XP level 2. HP: 22/22 MP: 2/2
   882 | D:2      | Noticed Jessica
   890 | D:2      | Killed Jessica
   890 | D:2      | Reached skill level 5 in Crossbows
   890 | D:2      | Reached XP level 3. HP: 20/27 MP: 3/3
  1144 | D:2      | Reached XP level 4. HP: 33/33 MP: 4/4
  2066 | D:3      | Found a burning altar of Makhleb.
  2103 | D:3      | Noticed Purgy
  2208 | D:3      | Slain by Purgy

Action                   |  1- 3 |  4- 6 || total
-------------------------+-------+-------++-------
Melee: Short sword       |    72 |    35 ||   107
       Rapier            |       |     9 ||     9
 Fire: Hand crossbow     |    18 |    18 ||    36
Throw: Stone             |       |     1 ||     1
  Use: Scroll            |       |     7 ||     7
       Potion            |       |     4 ||     4
  Eat: Chunk             |     1 |     3 ||     4
